 Dungeon Crawl Stone Soup version 0.31-a0-675-g238779eb0a (webtiles) character file.

Game seed: 8555923659588074530

1911 Xavori the Sneak (level 9, -1/48 (52) HPs)
             Began as an Octopode Chaos Knight on Sept 5, 2023.
             Was a Plaything of Xom.
             Slain by a wight
             ... wielding a +4 halberd
              (9 damage)
             ... on level 7 of the Dungeon.
             The game lasted 00:06:51 (14588 turns).

Xavori the Sneak (Octopode Chaos Knight)           Turns: 14588, Time: 00:06:53

HP:   -1/48 (52)    AC:  7    Str: 11    XL:     9   Next: 16%
MP:   9/9           EV: 15    Int: 15    God:    Xom [..*...]
Gold: 330           SH:  5    Dex: 15    Spells: 6/8 levels left

rFire   + . .        r - +1 rapier (venom)
rCold   . . .        (no shield)
rNeg    . . .        (helmet currently unavailable)
rPois   .            e - amulet of reflection
rElec   .            h - +4 ring of protection
rCorr   .            a - ring of protection from fire
SInv    .            (no ring)
Will    .....        (no ring)
Stlth   +++++        (no ring)
HPRegen 0.28/turn    (no ring)
MPRegen 0.11/turn    (no ring)
                     (no ring)

%: reflection
@: beast-form, liquefying, slowed movement, drained, very slow
A: beast (slay +1), almost no armour, amphibious, 8 rings, camouflage 1,
gelatinous body 1, (nimble swimmer 1), tentacles, beak, tentacle spike 2,
iridescent scales 1, frail 1, wild magic 1, MP-powered wands
a: Begin Untransformation, Renounce Religion


You were on level 7 of the Dungeon.
You worshipped Xom.
You were a toy of Xom.
You were a hulking beast.
You visited 1 branch of the dungeon, and saw 7 of its levels.
You also visited: Sewer.

You collected 407 gold pieces.
You spent 77 gold pieces at shops.

Inventory:

Hand Weapons
 r - a +1 rapier of venom (weapon)
Jewellery
 a - a ring of protection from fire (right tentacle)
 e - an amulet of reflection (around mantle)
 h - a +4 ring of protection (left tentacle)
Talismans
 m - a beast talisman (active)
Wands
 g - a wand of mindburst (12)
 n - a wand of flame (20)
 s - a wand of iceblast (11)
Scrolls
 b - 2 scrolls of butterflies
 f - a scroll of brand weapon
 i - 3 scrolls of torment
 j - 2 scrolls of teleportation
 k - a scroll of blinking
 l - a scroll of immolation
 q - a scroll of identify
 u - a scroll of revelation
 v - a scroll of enchant armour
 w - a scroll of enchant weapon
Potions
 c - a potion of curing
 d - a potion of might
 o - a potion of enlightenment
 p - a potion of mutation
 t - a potion of heal wounds


   Skills:
 + Level 4.2 Fighting
 * Level 7.1 Short Blades
 + Level 4.4 Dodging
 + Level 7.9 Stealth
 + Level 0.9 Shields
 * Level 2.9 Translocations
 * Level 3.0 Evocations
 * Level 3.4 Shapeshifting


You had 6 spell levels left.
You knew the following spells:

 Your Spells              Type           Power      Damage    Failure   Level
a - Blink                 Tloc           22%        N/A       17%         2

Your spell library contained the following spells:

 Spells                   Type           Power      Damage    Failure   Level
 Lesser Beckoning         Tloc           22%        N/A       17%         2
 Momentum Strike          Conj/Tloc      10%        3d8       30%         2
 Slow                     Hex            0%         N/A       34%         1
 Cigotuvi's Dreadful Rot  Necr/Pois/Air  0%         N/A       47%         2
 Confusing Touch          Hex            0%         N/A       71%         3
 Ignite Poison            Fire/Tmut/Pois 0%         N/A       71%         3
 Inner Flame              Hex/Fire       0%         N/A       71%         3
 Ozocubu's Armour         Ice            0%         N/A       71%         3
 Vampiric Draining        Necr           0%         2d6       71%         3
 Vhi's Electric Charge    Tloc/Air       10%        N/A       88%         4
 Flame Wave               Conj/Fire      0%         2d4       97%         4
 Sticky Flame             Conj/Fire      0%         2d3       97%         4
 Arcjolt                  Conj/Air       0%         1d10      100%        5
 Freezing Cloud           Conj/Ice/Air   0%         6-21      100%        5
 Metabolic Englaciation   Hex/Ice        0%         N/A       100%        5
 Plasma Beam              Fire/Air       0%         2x1d10    100%        6
 Simulacrum               Ice/Necr       0%         N/A       100%        6


Dungeon Overview and Level Annotations

Branches:
Dungeon (7/15)              Sewer (visited)
 Temple: D:4-7

Altars:
Hepliaklqana
Zin

Shops:
D:1 !

Annotations:
D:4 1 runed translucent door, justen's ghost, novice VSSh


Innate Abilities, Weirdness & Mutations

You are a hulking beast.
Your limbs bulge with bestial killing power. (Slay +1)
You cannot wear most types of armour.
You are amphibious.
You can wear up to eight rings at the same time.
Your skin changes colour to match your surroundings (Stealth+).
Your rubbery body absorbs attacks. (AC +1, EV +1)
((You are camouflaged when in or above water. (Stealth+)))
You have tentacles for arms and can constrict up to eight enemies at once.
You have a beak for a mouth.
One of your tentacles bears a nasty spike.
You are partially covered in iridescent scales. (AC +2)
You are frail. (-10% HP)
Your spells are a little harder to cast, but a little more powerful.
You expend magic power (3 MP) to strengthen your wands.


Message History

The orc attacks as it pursues you! The orc misses you.
The orc attacks as it pursues you! The orc hits you with a +0 hand axe.
The wight attacks as it pursues you! The wight closely misses you.
The orc attacks as it pursues you! The orc barely misses you.
The orc closely misses you. The orc wizard casts a spell at you.
You easily resist.
You hit the orc.
The orc is poisoned.
You grab the orc.
You pierce the orc.
You kill the orc!
You block the wight's attack.
The orc wizard hits you but does no damage.
The orc barely misses you.
Things that are here:
a +0 hand axe; an orc corpse The orc attacks as it pursues you!
The orc hits you but does no damage.
You barely miss the orc. Your grab misses the orc. Your peck misses the orc.
Your squeeze misses the orc. The orc hits you but does no damage.
The wight misses you.
You hit the orc.
The orc is poisoned.
You grab the orc.
You pierce the orc.
You peck the orc.
You kill the orc!
The wight barely misses you.
The wight hits you from afar with a +4 halberd!
* * * LOW HITPOINT WARNING * * *
You feel drained.
* * * LOW HITPOINT WARNING * * *
You closely miss the orc. You grab the orc.
You pierce the orc.
The orc is almost dead.
You constrict the orc.
You kill the orc!
Xom's power flows through you!
The ground around you becomes liquefied!
You block the wight's attack.
You closely miss the orc wizard. You grab the orc wizard.
You pierce the orc wizard.
You squeeze the orc wizard.
The orc wizard is severely wounded.
You constrict the orc wizard, but do no damage.
The wight hits you from afar with a +4 halberd!
You die...
Xom thinks this is hilarious!

...# #.!^........#
...# #...........#
...## #...........#
....# #<.........#
....# #....)....#
....# #......)..#
....###......#zo...##
.........######o####
.....### ##h# ....##
#..# ...## #..# ...#
.... ..## ..... .##
......# .# .....## ##
....###


You could see a wight (struggling) and 2 orc wizards.

Vanquished Creatures
  Eustachio (D:4)
  Menkaure (D:6)
  A sky beast (D:7)
  3 water moccasins
  An ogre (D:3)
  3 bullfrogs
  2 wights (D:7)
  A hound (D:5)
  3 orc priests
  Crazy Yiuf (D:6)
  A gnoll bouda (D:6)
  An iguana (D:5)
  Terence (D:3)
  A hell rat (Sewer)
  5 gnolls (D:6)
  9 adders
  3 river rats (Sewer)
  3 shadow imps
  An ufetubus (D:4)
  A worm (D:3)
  A dart slug (D:1)
  15 orcs
  10 ball pythons
  8 bats
  15 endoplasms
  2 giant cockroaches
  8 hobgoblins
  4 jackals
  7 quokkas
  6 frilled lizards
  10 goblins
  7 kobolds
  12 rats
148 creatures vanquished.

Vanquished Creatures (collateral kills)
  A wraith (D:6)
  An ogre (D:6)
  A hound (D:6)
  2 gnolls (D:6)
5 creatures vanquished.

Vanquished Creatures (others)
  A scorpion (D:5)
  2 jackals (D:5)
3 creatures vanquished.

Grand Total: 156 creatures vanquished

Notes
Turn   | Place    | Note
-------+----------+-------------------------------------------
     0 | D:1      | Xavori the Octopode Chaos Knight began the quest for the
                  | Orb.
     0 | D:1      | Reached XP level 1. HP: 16/16 MP: 1/1
    14 | D:1      | XOM: divination: detect creatures
    26 | D:1      | Found Fanig's Distillery.
    96 | D:1      | XOM: silly message
   101 | D:1      | Reached XP level 2. HP: 20/21 MP: 2/2
   234 | D:1      | XOM: smoke on damage
   280 | D:1      | XOM: smoke on damage
   282 | D:1      | XOM: potion effect (brilliance)
   474 | D:1      | Reached XP level 3. HP: 19/26 MP: 3/3
   701 | D:1      | XOM: divination: detect items
  2042 | D:1      | XOM: give mutation
  2042 | D:1      | Gained mutation: You are dopey. (Int -2) [Xom's mischief]
  3862 | D:1      | XOM is BORED!
  3862 | D:1      | XOM: give mutations
  3862 | D:1      | Gained mutation: You occasionally lose the ability to read
                  | scrolls when taking damage. [Xom's mischief]
  3862 | D:1      | Gained mutation: You are weak. (Str -2) [Xom's mischief]
  3862 | D:1      | Gained mutation: You have a pair of small antennae on your
                  | head. [Xom's mischief]
  3862 | D:1      | Lost mutation: You are dopey. (Int -2) [Xom's mischief]
  4001 | D:1      | XOM: torment (14/26 hp)
  4066 | D:1      | XOM: give mutation
  4066 | D:1      | Lost mutation: You occasionally lose the ability to read
                  | scrolls when taking damage. [Xom's mischief]
  4154 | D:1      | XOM: give mutations
  4154 | D:1      | Gained mutation: You are dopey. (Int -2) [Xom's mischief]
  4154 | D:1      | Lost mutation: You have a pair of small antennae on your
                  | head. [Xom's mischief]
  4469 | D:1      | XOM: god gift: 8 stones
  4861 | D:1      | XOM: god gift: puce potion {god gift}
  6038 | D:1      | XOM: give mutations
  6038 | D:1      | Gained mutation: Your body sometimes deteriorates upon
                  | taking damage. [Xom's mischief]
  6038 | D:1      | Lost mutation: You are dopey. (Int -2) [Xom's mischief]
  6038 | D:1      | Gained mutation: You occasionally lose the ability to read
                  | scrolls when taking damage. [Xom's mischief]
  6532 | D:1      | XOM: silly message
  6875 | D:1      | XOM: silly message
  7719 | D:1      | XOM: give mutations
  7719 | D:1      | Gained mutation: You sometimes lose the ability to read
                  | scrolls when taking damage. [Xom's mischief]
  7719 | D:1      | Gained mutation: You are covered in fur. (AC +1) [Xom's
                  | mischief]
  7719 | D:1      | Lost mutation: Your body sometimes deteriorates upon taking
                  | damage. [Xom's mischief]
  7719 | D:1      | Gained mutation: Your mind is acute. (Int +4, Str/Dex -1)
                  | [Xom's mischief]
  8068 | D:1      | XOM is BORED!
  8068 | D:1      | XOM: summons 2 hostile demons
  9179 | D:1      | XOM: give mutations
  9179 | D:1      | Lost mutation: You sometimes lose the ability to read
                  | scrolls when taking damage. [Xom's mischief]
  9179 | D:1      | Lost mutation: You are covered in fur. (AC +1) [Xom's
                  | mischief]
  9179 | D:1      | Gained mutation: One of your tentacles bears a spike.
                  | [Xom's mischief]
  9179 | D:1      | Gained mutation: Your magical capacity is low. (-10% MP)
                  | [Xom's mischief]
  9705 | D:1      | XOM: noise
  9958 | D:2      | Reached skill level 1 in Stealth
 10202 | D:2      | XOM: 4-stop teleportation journey
 10212 | D:2      | Reached XP level 4. HP: 31/31 MP: 3/3
 10326 | D:2      | XOM: 1-stop teleportation journey
 10638 | D:2      | XOM: silly message
 10728 | D:2      | XOM: give mutations
 10728 | D:2      | Gained mutation: Your spells are a little easier to cast,
                  | but a little less powerful. [Xom's mischief]
 10728 | D:2      | Gained mutation: Your body sometimes deteriorates upon
                  | taking damage. [Xom's mischief]
 10728 | D:2      | Gained mutation: Your natural rate of healing is unusually
                  | fast. [Xom's mischief]
 10855 | D:2      | XOM: summons 3 hostile demons
 11017 | D:2      | Glimpsed the power of Zot.
 11070 | D:3      | XOM: give mutations
 11070 | D:3      | Gained mutation: You are vulnerable to cold. (rC-) [Xom's
                  | mischief]
 11070 | D:3      | Gained mutation: Your body often deteriorates upon taking
                  | damage. [Xom's mischief]
 11117 | D:3      | XOM: summons 1 hostile demon
 11156 | D:3      | HP: 1/31 [orc/+0 club (5)]
 11177 | D:3      | Found a glowing drain.
 11182 | Sewer    | Entered a sewer
 11191 | Sewer    | Reached XP level 5. HP: 35/36 MP: 4/4
 11213 | Sewer    | XOM: give mutations
 11213 | Sewer    | Lost mutation: You are weak. (Str -2) [Xom's mischief]
 11213 | Sewer    | Lost mutation: You are vulnerable to cold. (rC-) [Xom's
                  | mischief]
 11419 | D:3      | XOM: give mutations
 11419 | D:3      | Lost mutation: Your spells are a little easier to cast, but
                  | a little less powerful. [Xom's mischief]
 11419 | D:3      | Lost mutation: Your magical capacity is low. (-10% MP)
                  | [Xom's mischief]
 11419 | D:3      | Gained mutation: You are somewhat resistant to further
                  | mutation. [Xom's mischief]
 11419 | D:3      | Gained mutation: You sometimes lose the ability to read
                  | scrolls when taking damage. [Xom's mischief]
 11463 | D:3      | Found a hazy altar of Hepliaklqana.
 11467 | D:3      | XOM: god gift: pair of gloves {god gift}
 11542 | D:3      | Noticed Terence
 11555 | D:3      | Killed Terence
 11686 | D:3      | Noticed an ogre
 11692 | D:3      | HP: 1/37 [ogre/+0 giant club (8)]
 11694 | D:3      | Killed an ogre
 11695 | D:3      | Reached skill level 5 in Stealth
 11695 | D:3      | Reached XP level 6. HP: 3/43 MP: 6/6
 11774 | D:3      | XOM: god gift: 2 fizzy purple potions {god gift}
 11778 | D:3      | Lost mutation: Your mind is acute. (Int +4, Str/Dex -1)
                  | [potion of mutation]
 11778 | D:3      | Lost mutation: You sometimes lose the ability to read
                  | scrolls when taking damage. [potion of mutation]
 11778 | D:3      | Lost mutation: Your body often deteriorates upon taking
                  | damage. [potion of mutation]
 11779 | D:3      | Lost mutation: You are somewhat resistant to further
                  | mutation. [potion of mutation]
 11779 | D:3      | Lost mutation: Your body sometimes deteriorates upon taking
                  | damage. [potion of mutation]
 11779 | D:3      | Gained mutation: You have a beak for a mouth. [potion of
                  | mutation]
 11833 | D:3      | an adder changed into a water moccasin
 11833 | D:3      | Noticed a water moccasin
 11864 | D:3      | Killed a water moccasin
 12121 | D:1      | Bought a potion of curing for 33 gold pieces
 12121 | D:1      | Bought a potion of might for 44 gold pieces
 12231 | D:4      | Learned a level 2 spell: Blink
 12369 | D:3      | XOM: give mutations
 12369 | D:3      | Gained mutation: You expend magic power (3 MP) to
                  | strengthen your wands. [Xom's mischief]
 12369 | D:3      | Lost mutation: Your natural rate of healing is unusually
                  | fast. [Xom's mischief]
 12369 | D:3      | Gained mutation: You are frail. (-10% HP) [Xom's mischief]
 12369 | D:3      | Gained mutation: Your spells are a little harder to cast,
                  | but a little more powerful. [Xom's mischief]
 12444 | D:4      | XOM: cloud trail
 12458 | D:4      | Noticed justen's ghost (novice VSSh)
 12459 | D:4      | Found a runed translucent door.
 12572 | D:4      | Noticed Eustachio
 12607 | D:4      | Killed Eustachio
 12608 | D:4      | Reached skill level 5 in Short Blades
 12608 | D:4      | Reached XP level 7. HP: 33/42 MP: 7/7
 12686 | D:4      | XOM: give mutations
 12686 | D:4      | Gained mutation: You are partially covered in iridescent
                  | scales. (AC +2) [Xom's mischief]
 12686 | D:4      | Lost mutation: You occasionally lose the ability to read
                  | scrolls when taking damage. [Xom's mischief]
 12686 | D:4      | Gained mutation: One of your tentacles bears a nasty spike.
                  | [Xom's mischief]
 12874 | D:5      | Entered Level 5 of the Dungeon
 12991 | D:5      | XOM: butterfly on damage
 13110 | D:5      | XOM: god gift: +0 rapier of chaos
 13131 | D:5      | XOM: scenery: 1 doors open, 1 doors close
 13496 | D:5      | Reached skill level 1 in Translocations
 13496 | D:5      | Reached skill level 1 in Evocations
 13496 | D:5      | Reached skill level 1 in Shapeshifting
 13738 | D:6      | Reached XP level 8. HP: 48/48 MP: 8/8
 13886 | D:6      | Noticed Menkaure
 13896 | D:6      | Killed Menkaure
 13923 | D:6      | XOM: enchant monster (good)
 13924 | D:6      | XOM: cast spell 'Summon Horrible Things'
 13924 | D:6      | Noticed a wraith
 13930 | D:6      | Killed a wraith
 14099 | D:6      | Found a runed translucent door.
 14100 | D:6      | Noticed Crazy Yiuf
 14101 | D:6      | Identified the +6 hammer of the Endless Expanse {antimagic,
                  | rF+ rN++}
 14228 | D:6      | Found a glowing silver altar of Zin.
 14362 | D:6      | Killed Crazy Yiuf
 14444 | D:7      | Reached XP level 9. HP: 52/52 MP: 9/9
 14563 | D:7      | XOM: 2-stop teleportation journey
 14587 | D:7      | XOM: cast spell 'Leda's Liquefaction'
 14588 | D:7      | Slain by a wight

Illustrated notes

Levels and vault maps discovered:
D:1:      reono_arrival_mine, layout_basic, serial_shops, shop,
          hangedman_feature_mirror, dreamdust_mushroom_princess,
          hangedman_decor_growths
D:2:      minmay_recursive_quarters, layout_loops_corners, serial_rivers,
          chequers_serial_rivers_small_3, chequers_serial_rivers_small_b,
          chequers_serial_rivers_room_b, chequers_serial_rivers_small_a,
          chequers_serial_rivers_room_b, kennysheep_generic_room_8
D:3:      layout_loops_cross, mainiacjoe_overflow_tiny_flanked,
          gup_sewer_entry_bowl, uniq_terence
D:4:      layout_basic, gammafunk_ghost_grave, dreamdust_wishing_well,
          minivault_27, uniq_eustachio
D:5:      layout_gridville
D:6:      layout_basic, lemuel_doored_altar, uniq_menkaure,
          uniq_crazy_yiuf_cottage
D:7:      layout_cave_pods, minmay_temple_entry_statues_pillars, serial_shops,
          nicolae_shop_rolled_up

Skill      XL: |  1  2  3  4  5  6  7  8  9 |
---------------+----------------------------+-----
Stealth        | 1 3 5 6 7 |  7.9
Short Blades   | 4 5 6 7 |  7.1
Dodging        | 3 4 |  4.4
Fighting       | 4 |  4.2
Translocations | 1 2 |  2.9
Evocations     | 1 2 3 |  3.0
Shapeshifting  | 1 3 |  3.4
Shields        | |  0.9

Action                     |  1- 3 |  4- 6 |  7- 9 || total
---------------------------+-------+-------+-------++-------
  Melee: Short sword       |    74 |   223 |    18 ||   315
         Constrict         |    16 |    34 |    27 ||    77
         Tentacles         |    10 |    35 |    20 ||    65
         Punch             |     2 |     2 |     2 ||     6
         Kick              |     4 |    62 |    35 ||   101
         Peck              |       |    17 |    21 ||    38
         Rapier            |       |       |    73 ||    73
    Use: Potion            |     1 |     7 |       ||     8
         Scroll            |       |    11 |     4 ||    15
   Stab: Sleeping          |     9 |    27 |     8 ||    44
         Distracted        |     1 |     1 |       ||     2
         Invisible         |       |     3 |       ||     3
         Confused          |       |     1 |       ||     1
 Armour: Skin              |    26 |    93 |    35 ||   154
  Dodge: Dodged            |    36 |   162 |    42 ||   240
  Block: Other             |       |     4 |    19 ||    23
   Form: Beast             |       |     1 |       ||     1

Table legend: (Time is in decaauts)
 A = Elapsed time spent in this place.
 B = Non-inter-level travel time spent in this place.
 C = Inter-level travel time spent in this place.
 D = Time resting spent in this place.
 E = Time spent auto-exploring this place.
 F = Levels seen in this place.
 G = Mean time per level.
                   A        B        C        D        E       F      G
               +--------+--------+--------+--------+--------+-----+--------+
         Total |  14519 |  14153 |    366 |   9276 |   3881 |   8 | 1814.9 |
       Dungeon |  14420 |  14054 |    366 |   9276 |   3846 |   7 | 2060.0 |
         Sewer |     99 |     99 |      0 |      0 |     35 |   1 |   99.0 |
               +--------+--------+--------+--------+--------+-----+--------+

Top non-repeatable levels by time:
     D:1: 9606 daAuts
     D:2: 1561 daAuts
     D:3: 829 daAuts
     D:5: 759 daAuts
     D:6: 746 daAuts
     D:4: 722 daAuts
     D:7: 194 daAuts
   Sewer: 99 daAuts
